 Dungeon Sprint DCSS version 0.19.4-9-g45fd643 (webtiles) character file.

42 equalderp2856 the Scratcher (level 3, 0/19 HPs)
             Began as a Felid Fighter on Feb 19, 2017.
             Slain by a water elemental (19 damage)
             ... in the Dungeon (Sprint III: "The Ten Rune Challenge").
             The game lasted 00:01:19 (365 turns).

equalderp2856 the Scratcher (Felid Fighter)          Turns: 365, Time: 00:01:20

Health: 0/19       AC:  1    Str: 13    XL:     3   Next: 33%
Magic:  4/4        EV: 21    Int:  9    God:
Gold:   7          SH:  0    Dex: 15    Spells: 0 memorised, 2 levels left
                                        Lives:  0   Deaths: 1

rFire  . . .     SeeInvis +       - Unarmed
rCold  . . .     Gourm    .     (armour unavailable)
rNeg   . . .     Faith    .     (shield unavailable)
rPois  +         Spirit   .     (helmet unavailable)
rElec  .         Reflect  .     (cloak unavailable)
rCorr  .         Harm     .     (gloves unavailable)
MR     .....     NoTele   +     (boots unavailable)
Stlth  ++........               (no amulet)
                                (no ring)
                                i - ring of poison resistance

@: quick
A: no armour, no weapons or thrown items, stealth, claws 1, fangs 3, see
invisible, carnivore 3, speed 1, shaggy fur 1, slow metabolism 1, sharp paws
a: no special abilities


You were in the Dungeon.
You were not hungry.

You visited 1 branch You collected 7 gold pieces.

Inventory:

Jewellery
 i - a ring of poison resistance (left paw)
Scrolls
 h - a scroll of blinking
Potions
 a - a potion of might
 e - a potion of haste
 f - 2 potions of magic
 g - a potion of berserk rage
Comestibles
 b - a meat ration


   Skills:
 + Level 4.8 Fighting
 + Level 6.1 Dodging
 + Level 1.7 Stealth
 + Level 7.9 Unarmed Combat


You had 2 spell levels left.
You didn't know any spells.

Dungeon Overview and Level Annotations

Branches:
Dungeon (1/1)

Altars:


Innate Abilities, Weirdness & Mutations

You cannot wear armour.
You are incapable of wielding weapons or throwing items.
Your paws allow you to move quietly. (Stealth)
You have sharp claws.
You have razor-sharp teeth.
You have supernaturally acute eyesight. (SInv)
You are carnivorous and can eat meat at any time.
You cover ground quickly.
You are covered in fur. (AC +1)
You have a slow metabolism.
Your sharp claws are effective at attacking unaware monsters.


Message History

Ouch! That really hurt!
* * * LOW HITPOINT WARNING * * *
The water elemental engulfs you in water!
You scratch the water elemental. You bite the water elemental.
The water elemental is moderately damaged.
You die...
Your lungs strain for air!
The water elemental completely misses you.
You are now level 3!
You rejoin the land of the living...
You enter the shallow water.
Moving in this stuff is going to be slow.
The water elemental misses you. The water elemental barely misses you.
The water elemental closely misses you. The water elemental closely misses you.
You claw the water elemental!
The water elemental is severely damaged.
The water elemental hits you!!
Ouch! That really hurt!
You die...

▓..# #....♣.♣ ♣♣.#
▓#'####....♣.♣ ♣..#
▓.....#....≈.♣ ♣..# #+#+#
▓†....#...≈≈.♣ ♣..#......
▓.....#..≈≈≈≈♣♣♣♣.'.⌠....
▓####'#..≈≈≈≈≈≈.†.#...###
▓.....#.≈≈≈≈≈≈....# ⌠.#
▓.)...#.≈≈≈≈E.....# .#
▓.....#.≈≈≈.@.....# #
▓'#####...........#
▓.................#
▓▓▓▓▓▓▓▓▓▓▓▓▓▓▓▓▓▓▓


You could see a water elemental.

Vanquished Creatures
  A scorpion (D)
  Jessica (D)
  A human (D)
  3 rats (D)
6 creatures vanquished.

Vanquished Creatures (others)
  2 draconian scorchers (D)
  6 hellions (D)
  A yaktaur (D)
  4 plants (D)
13 creatures vanquished.

Grand Total: 19 creatures vanquished

Notes
Turn   | Place    | Note
-------+----------+-------------------------------------------
     0 | D        | equalderp2856 the Felid Fighter began the quest for the Orb.
     0 | D        | Reached XP level 1. HP: 10/10 MP: 2/2
    38 | D        | Noticed Jessica
    45 | D        | Killed Jessica
    45 | D        | Reached skill level 5 in Dodging
    45 | D        | Reached skill level 6 in Unarmed Combat
    45 | D        | Reached XP level 2. HP: 6/15 MP: 3/3
   107 | D        | Killed a hellion
   109 | D        | Killed a hellion
   109 | D        | Killed a hellion
   117 | D        | Killed a yaktaur
   144 | D        | Killed a hellion
   144 | D        | Killed a hellion
   153 | D        | Killed a hellion
   205 | D        | Killed a white draconian scorcher
   233 | D        | Reached skill level 1 in Stealth
   233 | D        | Reached XP level 3. HP: 18/18 MP: 4/4
   235 | D        | Noticed a scorpion
   255 | D        | Killed a scorpion
   255 | D        | Reached skill level 7 in Unarmed Combat
   255 | D        | Reached XP level 4. HP: 9/22 MP: 5/5
   302 | D        | Killed a white draconian scorcher
   349 | D        | Noticed a water elemental
   356 | D        | Drowned by a water elemental
   357 | D        | Reached XP level 3. HP: -1/19 MP: 4/4
   365 | D        | Slain by a water elemental

Skill      XL: |  1  2  3 |
---------------+----------+-----
Dodging        | 5 6 |  6.1
Unarmed Combat | 6 7 |  7.9
Fighting       | 4 |  4.8
Stealth        | 1 |  1.7

Action                   |  1- 3 |  4- 6 || total
-------------------------+-------+-------++-------
Melee: Unarmed           |    29 |     4 ||    33
       Bite              |     5 |     1 ||     6
  Use: Potion            |       |     2 ||     2
 Stab: Sleeping          |     2 |       ||     2
Dodge: Dodged            |    16 |     3 ||    19
